 Dungeon Crawl Stone Soup version bcrawl-1.28.1b (webtiles) character file.

Game seed: 1061295455509872950

335118 Morbidden the Sneak (level 9, -5/52 HPs)
             Began as a Jungle Stalker Archaeologist on Dec 25, 2020.
             Slain by a catoblepas (12 damage)
             ... while petrified by you
             ... on level 7 of the Dungeon.
             The game lasted 00:10:56 (5308 turns).

Morbidden the Sneak (Jungle Stalker Archaeologist)  Turns: 5308, Time: 00:10:57

Health: -5/52      AC: 12    Str: 15    XL:     9   Next: 70%
Magic:  15/15      EV:  2    Int: 17    God:
Gold:   478        SH:  0    Dex: 12    Spells: 15/15 levels left

rFire    + . .     SeeInvis .   r - +1 dagger (elec)
rCold    . . .     Gourm    .   k - +0 medium shield
rNeg     + + +     Faith    .   w - +2 ring mail {rF+}
rPois    ∞         Spirit   .   c - +1 hat
rElec    +         Reflect  .   (no cloak)
rCorr    .         Harm     .   (no gloves)
MR       ++...     NoTele   +   d - +2 pair of boots
Stlth    +++.......             f - amulet "Byiq" {Regen -Tele rElec MR++ Slay+3}
HPRegen  1.02/turn              l - ring of positive energy
MPRegen  0.14/turn              n - ring of wizardry

@: petrified, lightly drained
A: fangs 3, poison resistance, regeneration 1, acidic bite, no potion heal 3,
rot immunity, strong jaws
a: no special abilities


You were on level 7 of the Dungeon.
You were not hungry.

You visited 1 branch of the dungeon, and saw 7 of its levels.

You collected 478 gold pieces.

Inventory:

Hand Weapons
 r - a +1 dagger of electrocution (weapon)
 y - the +3 dagger "Byunt" {speed, Dex+3}
   (You found it on level 6 of the Dungeon)

   Attacks with this weapon are significantly faster.
   It affects your dexterity (+3).
 D - a +5 scimitar
Missiles
 b - 98 javelins (quivered)
 x - 160 javelins of penetration {=f}
Armour
 c - a +1 hat (worn)
 d - a +2 pair of boots (worn)
 k - a +0 medium shield (worn)
 u - a +0 chain mail
 w - a +2 ring mail of fire resistance (worn)
Magical Staves
 v - an uncursed staff of earth
Jewellery
 f - the amulet "Byiq" (around neck) {Regen -Tele rElec MR++ Slay+3}
   (You acquired it on level 3 of the Dungeon)

   [amulet of regeneration]

   It affects your accuracy and damage with ranged weapons and melee attacks
   (+3).
   It insulates you from electricity.
   It affects your resistance to hostile enchantments.
   It prevents most forms of teleportation.
 l - a ring of positive energy (left hand)
 n - a ring of wizardry (right hand)
Scrolls
 a - a scroll of immolation
 g - a scroll of magic mapping
 h - a scroll of teleportation
 i - 6 scrolls of identify
 m - 2 scrolls of remove curse
 s - a scroll of enchant armour
Potions
 j - a potion of ambrosia
 o - 2 potions of mutation
 p - 3 potions of brilliance
 t - a potion of agility {unknown}
 z - a potion of degeneration {unknown}
 A - a potion of resistance {unknown}
 B - a potion of cancellation {unknown}
 C - a potion of might {unknown}
Comestibles
 e - 16 rations {!d}
 q - 2 chunks of flesh


   Skills:
 * Level 4.1(4.0) Fighting
 + Level 4.3(4.2) Short Blades
   Level 0.9 Maces & Flails
 * Level 5.5(5.4) Armour
 * Level 6.5(6.4) Dodging
 + Level 6.7(6.6) Stealth
 * Level 3.9(3.8) Shields
 * Level 3.7(3.6) Spellcasting


You had 15 spell levels left.
You didn't know any spells.
Your spell library was empty.

Dungeon Overview and Level Annotations

Branches:
Dungeon (7/12)             Temple (0/1) D:7
   Lair: D:7-9

Altars:
Elyvilon
Fedhas
Makhleb
Okawaru
Qazlal
Sif Muna
Trog
Uskayaw
Yredelemnul
The Shining One

Shops:
D:7 [}[(

Annotations:
D:3 3 runed translucent doors, Faustar's ghost, amateur DrCj; Morbidden's ghost, amateur FrAc; Quickbrownfox's ghost, weakling MiAc; dcsswall's ghost, amateur HOMo
D:7 Joseph


Innate Abilities, Weirdness & Mutations

You have razor-sharp teeth.
Your system is resistant to poisons. (rPois)
Your natural rate of healing is unusually fast.
You have acidic saliva.
Potions cannot restore your health.
You are immune to rotting.
Your bites deal extra damage.


Message History

No path to travel!
No path to travel!
No path to travel!
You are engulfed in calcifying dust.
Your limbs have turned to stone.
You have turned to stone.
You are engulfed in calcifying dust.
The catoblepas gores you.
You are engulfed in calcifying dust.
The catoblepas gores you but does no damage.
You are engulfed in calcifying dust.
The catoblepas gores you! x2
The catoblepas gores you!!
* * * LOW HITPOINT WARNING * * *
The catoblepas gores you!
* * * LOW HITPOINT WARNING * * *
The catoblepas gores you.
* * * LOW HITPOINT WARNING * * *
The catoblepas breathes a plume of calcifying dust at you.
The blast of calcifying dust hits you!
* * * LOW HITPOINT WARNING * * *
You are engulfed in calcifying dust.
The catoblepas gores you!!
You die...

§Yo#.#..♣...#.###########
§###.#....#.#.. ##
#.#.♣∩♣########## #
#.#....#...§....# #
#.##.♣.#.####'#.# #
#.§§.#......+_'.#
####§######....#'#.#
Y.Y...# ######Y#.######.#
#####.# #....@#........#
#.# #.############## #.#
#.# #.######.# #........#
#.######## ###


You could see a catoblepas.

Vanquished Creatures
  An ugly thing (D:7)
  A hippogriff (D:7)
  3 phantoms
  An ogre (D:4)
  An ice beast (D:7)
  2 centaurs (D:6)
  A bullfrog (D:6)
  6 scorpions
  8 wights (D:6)
  A howler monkey (D:2)
  A crimson imp (D:7)
  3 hounds
  A jelly (D:6)
  2 orc priests (D:6)
  2 orc wizards
  2 bullfrog skeletons
  2 centaur skeletons
  An iguana (D:5)
  4 worker ants
  A killer bee zombie (D:6)
  2 hound zombies
  3 gnolls (D:5)
  9 adders
  A shadow imp (D:5)
  5 worms
  5 dart slugs
  5 leopard geckos
  43 orcs
  2 ball pythons
  10 bats
  4 giant cockroaches
  4 goblins
  9 hobgoblins
  11 jackals
  11 kobolds
  4 quokkas
  6 rats
178 creatures vanquished.

Vanquished Creatures (others)
  An orc (D:7)
1 creature vanquished.

Grand Total: 179 creatures vanquished

Notes
Turn   | Place    | Note
-------+----------+-------------------------------------------
     0 | D:1      | Morbidden the Vine Stalker Archaeologist began the quest
                  | for the Orb.
     0 | D:1      | Reached XP level 1. HP: 11/11 MP: 2/2
    30 | D:1      | Reached skill level 1 in Fighting
   109 | D:1      | Reached XP level 2. HP: 16/16 MP: 3/3
   165 | D:1      | Reached skill level 5 in Stealth
   553 | D:1      | Reached XP level 3. HP: 20/20 MP: 4/4
  1095 | D:2      | Reached skill level 1 in Short Blades
  1095 | D:2      | Reached XP level 4. HP: 25/25 MP: 5/5
  1393 | D:3      | Reached XP level 5. HP: 24/29 MP: 6/6
  1393 | D:3      | Identified a scroll of acquirement
  1396 | D:3      | Identified the +1 rapier of the Well-Known Shrikes {pierce,
                  | rF+ MR++} (You acquired it on level 3 of the Dungeon)
  1396 | D:3      | Identified the amulet "Byiq" {Regen -Tele rElec MR++
                  | Slay+3} (You acquired it on level 3 of the Dungeon)
  1422 | D:3      | Reached skill level 1 in Armour
  1796 | D:3      | Found a runed translucent gate.
  1796 | D:3      | Found a runed translucent gate.
  1796 | D:3      | Found a runed translucent gate.
  1797 | D:3      | Noticed Faustar's ghost (amateur DrCj)
  1798 | D:3      | Noticed Quickbrownfox's ghost (weakling MiAc)
  1798 | D:3      | Noticed Morbidden's ghost (amateur FrAc)
  1798 | D:3      | Noticed dcsswall's ghost (amateur HOMo)
  2039 | D:3      | Gained mutation: You have razor-sharp teeth. [Vine Stalker
                  | growth]
  2039 | D:3      | Reached XP level 6. HP: 34/34 MP: 7/7
  2319 | D:3      | Found a blossoming altar of Fedhas.
  2734 | D:4      | Reached skill level 1 in Spellcasting
  2770 | D:4      | Noticed a phantom
  2782 | D:4      | Reached XP level 7. HP: 38/40 MP: 9/9
  3102 | D:5      | Entered Level 5 of the Dungeon
  3113 | D:5      | Reached skill level 5 in Dodging
  3175 | D:5      | Reached skill level 1 in Shields
  3209 | D:5      | Found an iron altar of Okawaru.
  3759 | D:5      | Found a burning altar of Makhleb.
  3814 | D:6      | Found a glowing golden altar of the Shining One.
  3822 | D:6      | Gained mutation: You have acidic saliva. [Jungle Stalker
                  | growth]
  3822 | D:6      | Gained mutation: Your system is resistant to poisons.
                  | (rPois) [Jungle Stalker growth]
  3822 | D:6      | Reached XP level 8. HP: 40/45 MP: 11/12
  3866 | D:6      | Found a basalt altar of Yredelemnul.
  3925 | D:6      | Found a hide-covered altar of Uskayaw.
  4099 | D:6      | Found a white marble altar of Elyvilon.
  4246 | D:6      | Reached XP level 9. HP: 51/51 MP: 14/14
  4534 | D:6      | Found a stormy altar of Qazlal.
  4594 | D:6      | Noticed a moth of wrath
  4597 | D:6      | Found a bloodstained altar of Trog.
  4638 | D:6      | Got a jewelled dagger
  4640 | D:6      | Identified the cursed +3 dagger "Byunt" {speed, Dex+3} (You
                  | found it on level 6 of the Dungeon)
  4804 | D:7      | Found Ythipran's Weapon Boutique.
  4843 | D:7      | Reached skill level 5 in Armour
  4908 | D:7      | Found Bine's Armour Shoppe.
  4930 | D:7      | Found a shimmering blue altar of Sif Muna.
  5017 | D:7      | Noticed a purple ugly thing
  5037 | D:7      | Killed a purple ugly thing
  5057 | D:7      | Found a staircase to the Ecumenical Temple.
  5117 | D:7      | Noticed a catoblepas
  5126 | D:7      | Noticed Joseph
  5167 | D:7      | Found Habihe's Gadget Boutique.
  5188 | D:7      | Found Zouliant's Armour Shop.
  5258 | D:7      | Noticed a tengu conjurer
  5308 | D:7      | Slain by a catoblepas

Skill      XL: |  1  2  3  4  5  6  7  8  9 |
---------------+----------------------------+-----
Fighting       | 1 2 3 4 |  4.1
Stealth        | 5 6 |  6.7
Short Blades   | 1 2 3 4 |  4.3
Dodging        | 4 5 6 |  6.5
Armour         | 1 2 3 4 5 |  5.5
Spellcasting   | 1 2 3 |  3.7
Shields        | 1 2 3 |  3.9
Maces & Flails | |  0.9

Action                   |  1- 3 |  4- 6 |  7- 9 || total
-------------------------+-------+-------+-------++-------
Melee: Whip              |    27 |       |       ||    27
       Bite              |     8 |    11 |    39 ||    58
       Short sword       |    80 |    56 |       ||   136
       Dagger            |       |    86 |   342 ||   428
  Use: Scroll            |       |     1 |    13 ||    14
       Potion            |       |       |     2 ||     2
 Stab: Sleeping          |    11 |     4 |     2 ||    17
  Eat: Chunk             |     3 |     9 |    16 ||    28
Armor: Robe              |    10 |       |       ||    10
       Leather armour    |    25 |    26 |       ||    51
       Chain mail        |       |    15 |    94 ||   109
       Ring mail         |       |       |    42 ||    42
Dodge: Dodged            |    86 |    74 |    63 ||   223
Block: Medium shield     |       |       |   102 ||   102
